Map: Lost and Found LE

Players

Reynor - Winner!

  • Race: Zerg Zerg
  • Spawn Location: 7:00

Serral

  • Race: Zerg Zerg
  • Spawn Location: 1:00

Event: WCS Montreal 2018

VOD

Have the link to the VOD?

Description

Time

  • Played on: Sept. 9, 2018, 4:57 p.m.
  • Length: 10:32

All games in this series

Show
View Real Time Build Order
Export as new Build Order

Reynor Zerg - Winner!

Build Orders: Hatch First, Muta Ling Bane 

Get SALT Encoding   

  12  0:00  Drone  
  13  0:12  Overlord  
  13  0:16  Drone  
  14  0:30  Drone x2  
  14  0:34  Drone  
  17  0:51  Hatchery  
  17  0:54  Drone  
  17  0:57  Drone  
  18  1:01  Extractor  
  17  1:11  Spawning Pool  
  17  1:15  Drone  
  17  1:19  Drone  
  18  1:28  Drone  
  19  1:38  Drone  
  20  1:49  Overlord  
  20  1:58  Queen  
  22  2:03  Drone x2, Queen  
  22  2:07  Metabolic Boost  
  26  2:11  Drone  
  26  2:15  Drone  
  28  2:21  Drone  
  29  2:25  Drone  
  30  2:34  Hatchery  
  30  2:36  Drone  
  30  2:38  Drone  
  31  2:47  Baneling Nest  
  31  2:49  Queen  
  32  2:53  Overlord  
  32  2:56  Drone  
  33  2:58  Zergling x2  
  33  3:00  Zergling x2  
  33  3:04  Drone  
  36  3:11  Overlord  
  36  3:13  Zergling x4  
  36  3:14  Drone x2  
  36  3:18  Zergling x2  
  36  3:19  Drone  
  42  3:22  Drone  
  42  3:24  Drone  
  44  3:30  Baneling x2  
  44  3:33  Drone, Overlord  
  45  3:35  Baneling  
  45  3:38  Baneling  
  45  3:39  Zergling x6  
  48  3:43  Queen  
  50  3:51  Drone x3  
  50  3:52  Baneling  
  50  3:54  Overlord  
  53  3:57  Drone  
  53  3:58  Drone  
  53  4:01  Drone  
  55  4:07  Drone x3  
  55  4:08  Overlord  
  56  4:13  Drone  
  56  4:15  Zergling x4  
  56  4:16  Zergling x2, Evolution Chamber  
  58  4:18  Drone  
  58  4:19  Drone  
  58  4:22  Extractor  
  58  4:23  Extractor  
  55  4:25  Lair  
  55  4:27  Drone  
  55  4:29  Drone x2  
  58  4:32  Drone  
  59  4:39  Baneling  
  59  4:45  Drone x3  
  61  4:49  Drone x2  
  61  4:50  Roach Warren  
  61  4:52  Zergling x6  
  65  4:53  Overlord  
  65  4:54  Drone  
  65  4:55  Extractor, Drone x3  
  65  4:58  Drone  
  69  5:02  Zergling x2  
  69  5:05  Drone x2  
  72  5:10  Baneling x2  
  72  5:14  Zergling x4  
  74  5:18  Zerg Melee Weapons Level 1  
  74  5:21  Zergling x2  
  75  5:25  Overlord  
  75  5:26  Drone x2  
  75  5:27  Drone x4  
  78  5:28  Drone  
  78  5:29  Drone  
  78  5:31  Drone x2  
  78  5:32  Drone  
  78  5:34  Extractor  
  78  5:35  Extractor  
  81  5:36  Spire  
  81  5:42  Zergling x6  
  83  5:43  Baneling x2  
  83  5:49  Zergling x2  
  83  5:51  Zergling x4  
  85  5:57  Overlord  
  85  6:00  Zergling x6  
  85  6:03  Overlord  
  88  6:04  Hatchery  
  85  6:20  Overlord  
  83  6:31  Drone x3  
  83  6:32  Overlord  
  85  6:50  Mutalisk x5  
  85  6:51  Mutalisk x5  
  85  6:53  Zergling x16  
  107  6:55  Zerg Flyer Weapons Level 1  
  107  6:58  Drone  
  108  7:02  Hatchery, Centrifical Hooks  
  108  7:03  Zergling x8  
  108  7:06  Zergling x2  
  112  7:10  Overlord  
  112  7:11  Zerg Melee Weapons Level 2  
  112  7:14  Drone x4  
  116  7:16  Zergling x2  
  116  7:21  Mutalisk  
  119  7:23  Zergling x6  
  119  7:25  Mutalisk  
  119  7:28  Zergling x4  
  126  7:31  Mutalisk  
  126  7:35  Zergling x4  
  126  7:36  Zergling x4  
  132  7:42  Mutalisk x2  
  135  7:44  Zergling x2  
  135  7:45  Overlord  
  129  7:52  Mutalisk  
  129  7:53  Zergling x2  
  129  7:54  Zergling x6  
  129  7:55  Zergling x12  
  132  7:59  Zergling x4  
  132  8:03  Mutalisk  
  128  8:08  Mutalisk x2  
  128  8:10  Zergling x2  
  133  8:14  Zergling x2  
  133  8:18  Zergling x8  
  137  8:22  Mutalisk x2  
  137  8:24  Zergling x4  
  143  8:27  Baneling  
  143  8:28  Hatchery  
  143  8:29  Zergling x2  
  143  8:30  Extractor, Zergling x10  
  143  8:31  Overseer  
  143  8:32  Overseer  
  147  8:34  Zergling x2  
  147  8:37  Zergling x2  
  147  8:38  Overseer  
  149  8:42  Overlord x3  
  149  8:44  Overlord  
  149  8:57  Overlord  
  149  9:04  Zergling x2  
  149  9:05  Zergling x28  
  149  9:06  Pneumatized Carapace  
  149  9:07  Mutalisk x2  
  165  9:10  Spore Crawler x2  
  165  9:11  Zergling x10  
  165  9:16  Zergling x8  
  172  9:20  Mutalisk  
  172  9:21  Mutalisk x3  
  179  9:26  Zergling x2  
  179  9:28  Zergling x2  
  181  9:31  Zergling x4  
  181  9:34  Spine Crawler  
  181  9:35  Zergling x2, Spine Crawler  
  181  9:38  Zergling x4  
  184  9:42  Baneling x15  
  184  9:43  Baneling x4  
  184  9:44  Zergling x4  
  186  9:46  Zergling x2  
  186  9:47  Baneling x3  
  186  9:54  Baneling x5  
  186  9:55  Zergling x8  
  186  9:56  Baneling  
  190  10:00  Baneling x2  
  190  10:12  Zergling x26  
Show
View Real Time Build Order
Export as new Build Order

Serral Zerg 

Build Orders: Hatch First 

Get SALT Encoding   

  12  0:00  Drone  
  13  0:12  Overlord  
  13  0:16  Drone  
  14  0:30  Drone x2  
  16  0:47  Hatchery  
  15  0:50  Drone  
  15  0:55  Drone  
  17  1:08  Spawning Pool  
  17  1:11  Extractor  
  15  1:13  Drone  
  15  1:16  Drone  
  17  1:19  Drone  
  18  1:28  Drone  
  19  1:38  Drone  
  20  1:49  Overlord  
  20  1:57  Queen  
  20  1:59  Queen  
  20  2:01  Drone x2  
  26  2:10  Metabolic Boost  
  26  2:11  Drone  
  26  2:12  Drone  
  28  2:21  Drone  
  28  2:22  Drone  
  30  2:32  Hatchery  
  30  2:35  Zergling x2  
  30  2:37  Zergling x2  
  31  2:44  Baneling Nest  
  31  2:46  Overlord  
  31  2:48  Drone  
  31  2:53  Drone  
  31  2:54  Drone  
  33  3:06  Drone  
  33  3:07  Zergling x8  
  33  3:11  Zergling x2  
  33  3:12  Zergling x2  
  40  3:13  Zergling x2  
  41  3:21  Overlord  
  41  3:22  Drone  
  42  3:31  Baneling x4  
  42  3:32  Zergling x2  
  42  3:33  Drone  
  44  3:40  Drone x5  
  49  3:41  Evolution Chamber  
  49  3:45  Drone x2  
  50  3:52  Drone x2  
  50  3:54  Queen  
  54  3:59  Overlord  
  52  4:03  Drone x2  
  50  4:12  Zergling x6  
  50  4:13  Zerg Missile Weapons Level 1  
  50  4:14  Drone x2  
  50  4:15  Extractor  
  54  4:18  Drone x2  
  54  4:20  Drone x2  
  57  4:24  Overlord  
  57  4:29  Drone  
  57  4:30  Drone, Roach Warren  
  58  4:35  Overlord  
  58  4:37  Zergling x4  
  60  4:45  Lair  
  60  4:46  Drone x2  
  60  4:47  Drone  
  60  4:48  Drone  
  60  4:52  Extractor, Overlord  
  63  4:55  Drone x2  
  63  4:56  Drone  
  63  4:58  Drone  
  63  4:59  Baneling  
  66  5:01  Drone x2  
  66  5:02  Drone  
  66  5:04  Drone  
  66  5:05  Drone  
  66  5:06  Drone  
  72  5:11  Overlord  
  72  5:17  Overlord  
  72  5:20  Drone x2  
  74  5:24  Drone x2  
  74  5:27  Queen  
  74  5:31  Drone x2  
  74  5:32  Drone x2  
  74  5:34  Extractor  
  74  5:35  Extractor x2  
  75  5:38  Overlord  
  75  5:39  Pneumatized Carapace  
  75  5:48  Overseer, Hatchery  
  75  5:49  Drone x3  
  76  5:50  Drone x2  
  76  5:51  Glial Reconstitution, Roach x2  
  76  5:53  Queen  
  84  5:59  Roach x2  
  84  6:01  Baneling x2  
  84  6:03  Queen  
  90  6:06  Overlord  
  90  6:09  Roach x4  
  98  6:18  Drone x2  
  98  6:25  Roach x4  
  104  6:34  Queen x2  
  104  6:37  Baneling x3  
  108  6:40  Zerg Missile Weapons Level 2  
  108  6:42  Drone x3, Evolution Chamber  
  108  6:43  Spore Crawler, Hatchery  
  108  6:45  Spore Crawler  
  107  6:51  Spore Crawler  
  107  6:52  Roach x5  
  113  7:02  Overlord x3  
  113  7:07  Spore Crawler  
  112  7:10  Tunneling Claws  
  112  7:11  Burrow  
  112  7:17  Zerg Ground Armor Level 1  
  112  7:18  Drone  
  112  7:20  Overseer, Queen  
  112  7:21  Drone x5  
  120  7:24  Drone x2  
  120  7:27  Spore Crawler  
  121  7:31  Drone  
  121  7:32  Drone x3  
  121  7:34  Spore Crawler  
  110  7:53  Roach x9  
  110  7:57  Roach x2  
  130  7:59  Roach  
  130  8:03  Spore Crawler  
  127  8:10  Spore Crawler, Roach  
  127  8:11  Spore Crawler  
  125  8:16  Hydralisk Den  
  124  8:20  Roach x2  
  130  8:27  Drone x2  
  130  8:28  Drone  
  130  8:29  Spore Crawler  
  133  8:38  Queen  
  134  8:42  Roach x2  
  134  8:43  Roach  
  134  8:44  Overlord x2  
  134  8:46  Overlord  
  134  8:48  Muscular Augments  
  135  8:50  Lurker Den  
  133  8:57  Spore Crawler  
  133  8:58  Spore Crawler  
  133  9:00  Queen  
  133  9:01  Hydralisk, Roach  
  133  9:02  Hydralisk x2  
  127  9:07  Hydralisk x3  
  133  9:10  Hydralisk  
  133  9:14  Hydralisk x2, Roach  
  137  9:22  Roach x13  
  137  9:24  Hatchery  
  132  9:32  Hydralisk x3  
  136  9:44  Zergling x4  
  136  9:45  Zergling x2  
  139  9:49  Hydralisk x2  
  139  9:50  Roach x3  
  139  9:51  Overlord, Roach  
  143  9:57  Hydralisk  
  143  9:58  Roach x3  
  143  9:59  Roach x2  
  147  10:03  Baneling x5  
  147  10:07  Roach  
  147  10:09  Roach x3  
Tags
 
Add a new tag
Caveats
  • Supply blocks, unpowered buildings, or Contaminate may cause inaccurate times.
  • Supply counts are checked every 10 seconds.